 Dungeon Crawl Stone Soup version 0.30-a0-341-g682706514a (webtiles) character file.

Game seed: 4960697114514678695

25 lunkers the Digger (level 3, 0/26 HPs)
             Began as a Meteoran Earth Elementalist on Nov 1, 2022.
             Was a Follower of Vehumet.
             Slain by Grinder (4 damage)
             ... on level 3 of the Dungeon.
             The game lasted 00:01:56 (461 turns).

lunkers the Digger (Meteoran Earth Elementalist)     Turns: 461, Time: 00:01:56

Health: 0/26       AC:  6    Str:  9    XL:     3   Next: 38%
Magic:  4/8        EV: 12    Int: 18    God:    Vehumet [*.....]
Gold:   13         SH:  0    Dex: 15    Spells: 2/8 levels left

rFire   . . .      SeeInvis .    (no weapon)
rCold   . . .      Faith    .    (no shield)
rNeg    . . .      Spirit   .    a - +0 robe
rPois   .          Reflect  .    j - +1 helmet
rElec   .          Harm     .    (no cloak)
rCorr   +          Rampage  .    l - +1 pair of gloves of Hedonism {Fly rCorr}
Will    .....                    (no boots)
Stlth   +.........               (no amulet)
HPRegen 0.24/turn                (no ring)
MPRegen 0.11/turn                (no ring)

@: flying, glowing
A: sense surroundings 1, otherworldly, glowing, explore regen
a: Renounce Religion


You were on level 3 of the Dungeon.
You worshipped Vehumet.
Vehumet was aware of your devotion.
You visited 1 branch of the dungeon, and saw 3 of its levels.

You collected 13 gold pieces.

Inventory:

Missiles
 c - a throwing net
Armour
 a - a +0 robe (worn)
 j - a +1 helmet (worn)
 l - the +1 pair of gloves of Hedonism (worn) {Fly rCorr}
   (You found it on level 3 of the Dungeon)

   Fly:       It grants you flight.
   rCorr:     It protects you from acid and corrosion.
Magical Staves
 e - a staff of death
Scrolls
 g - a scroll of enchant armour {unknown}
 h - a scroll of identify {unknown}
 m - a scroll of blinking {unknown}
Potions
 b - a potion of magic
 d - a potion of haste {unknown}
 f - 2 potions of heal wounds {unknown}
 i - a potion of degeneration {unknown}
 k - a potion of lignification {unknown}


   Skills:
 - Level 2.4 Dodging
 - Level 1.4 Stealth
 + Level 3.2 Spellcasting
 * Level 0.8 Conjurations
 - Level 1.2 Transmutations
 + Level 4.5 Earth Magic


You had 2 spell levels left.
You knew the following spells:

 Your Spells              Type           Power      Damage    Failure   Level
a - Sandblast             Erth           38%        2d10      2%          1
b - Passwall              Tmut/Erth      10%        N/A       8%          2
c - Stone Arrow           Conj/Erth      24%        3d8       16%         3

Your spell library contained the following spells:

 Spells                   Type           Power      Damage    Failure   Level
 Kiss of Death            Conj/Necr      16%        2d6       13%         1
 Summon Small Mammal      Summ           8%         N/A       16%         1
 Petrify                  Tmut/Erth      13%        N/A       43%         4


Dungeon Overview and Level Annotations

Branches:
Dungeon (3/15) Zot: 1322

Altars:
Vehumet

Annotations:
D:3 Grinder


Innate Abilities, Weirdness & Mutations

You passively map a small area around you.
You are easily found by Zot.
You glow in the dark.
You regain HP and MP as you explore.


Message History

Aiming: Sandblast (safe; 2% risk of failure)
Press: ? - help, Q - select action, (/) - cycle Shift-Dir - straight line, f - Grinder
Aim: Grinder (80% to hit)
The blast of sand hits Grinder.
Grinder is lightly wounded.
Grinder says, "Mostly I couldn't keep them alive."
Aiming: Sandblast (safe; 2% risk of failure)
Press: ? - help, Q - select action, (/) - cycle Shift-Dir - straight line, f/p - Grinder
Aim: Grinder (lightly wounded, 80% to hit)
The blast of sand misses Grinder.
Aiming: Sandblast (safe; 2% risk of failure)
Press: ? - help, Q - select action, (/) - cycle Shift-Dir - straight line, f/p - Grinder
Aim: Grinder (lightly wounded, 80% to hit)
The blast of sand misses Grinder.
Grinder gestures at you.
You suddenly lose the ability to move!
Grinder hits you but does no damage. Grinder hits you.
You writhe in agony.
Grinder hits you!
* * * LOW HITPOINT WARNING * * *
You writhe in agony.
* * * LOW HITPOINT WARNING * * *
Grinder says, "Make like a tree!"
Grinder hits you.
* * * LOW HITPOINT WARNING * * *
You can move again.
Aiming: Sandblast (safe; 2% risk of failure)
Press: ? - help, Q - select action, (/) - cycle Shift-Dir - straight line, f/p - Grinder
Aim: Grinder (lightly wounded, 80% to hit)
The blast of sand hits Grinder but does no damage.
Grinder is lightly wounded.
Grinder hits you but does no damage.
Aiming: Sandblast (safe; 2% risk of failure)
Press: ? - help, Q - select action, (/) - cycle Shift-Dir - straight line, f/p - Grinder
Aim: Grinder (lightly wounded, 80% to hit)
The blast of sand hits Grinder but does no damage.
Grinder is lightly wounded.
Grinder hits you.
* * * LOW HITPOINT WARNING * * *
You writhe in agony.
You die...

* * * , *...... , , *
* ...... * * * #......
* # , , ,....... # *
*, * ......., * # # ,
*....... , #
#..###5......, *, #
#..@#######,#### #
,####......#.#.. #
#.####.#.#<######
#.####.####.#....†....
#............##.######
######.##.#..##.##
#.##.#..#...#
#...........# **,
#.#####.#...#


You could see Grinder.

Vanquished Creatures
  5 ball pythons
  4 endoplasms
  2 goblins (D:2)
  3 hobgoblins
  A kobold (D:2)
  A quokka (D:2)
  3 bats
  A frilled lizard (D:3)
  A rat (D:2)
21 creatures vanquished.

Vanquished Creatures (others)
  A plant (D:2)
1 creature vanquished.

Grand Total: 22 creatures vanquished

Notes
Turn   | Place    | Note
-------+----------+-------------------------------------------
     0 | D:1      | lunkers the Meteoran Earth Elementalist began the quest for
                  | the Orb.
     0 | D:1      | Reached XP level 1. HP: 14/14 MP: 5/5
   115 | D:1      | Reached XP level 2. HP: 20/20 MP: 3/6
   117 | D:1      | Reached skill level 4 in Earth Magic
   122 | D:1      | Learned a level 2 spell: Passwall
   243 | D:2      | Found a faded altar of an unknown god.
   245 | D:2      | Reached XP level 3. HP: 26/26 MP: 5/8
   248 | D:2      | Got Plato's Handbook of Accompaniment
   249 | D:2      | Prayed at the altar of an unknown god.
   249 | D:2      | Became a worshipper of Vehumet
   249 | D:2      | Reached * piety under Vehumet
   249 | D:2      | Offered knowledge of Kiss of Death by Vehumet.
   254 | D:2      | Learned a level 3 spell: Stone Arrow
   385 | D:3      | Identified the +1 pair of gloves of Hedonism {Fly rCorr}
   453 | D:3      | Noticed Grinder
   456 | D:3      | Paralysed by Grinder for 4 turns
   461 | D:3      | Slain by Grinder

Illustrated notes

Levels and vault maps discovered:
D:1:      eino_arrival_water_cross, layout_basic
D:2:      layout_basic, shapermc_ecumenical_altar_rom_forum, minmay_hedge_maze
D:3:      layout_loops_cross, uniq_grinder

Skill      XL: |  1  2 |
---------------+-------+-----
Earth Magic    | 4 |  4.5
Spellcasting   | 3 |  3.2
Dodging        | |  2.4
Stealth        | |  1.4
Conjurations   | |  0.8
Transmutations | |  1.2

Action                   || total
-------------------------++-------
 Cast: Sandblast         ||    32
Armor: Robe              ||     3
Dodge: Dodged            ||     3

Table legend: (Time is in decaauts)
 A = Elapsed time spent in this place.
 B = Non-inter-level travel time spent in this place.
 C = Inter-level travel time spent in this place.
 D = Time resting spent in this place.
 E = Time spent auto-exploring this place.
 F = Levels seen in this place.
 G = Mean time per level.
                   A        B        C        D        E       F      G
               +--------+--------+--------+--------+--------+-----+--------+
         Total |    475 |    467 |      8 |      0 |    316 |   3 |  158.3 |
       Dungeon |    475 |    467 |      8 |      0 |    316 |   3 |  158.3 |
               +--------+--------+--------+--------+--------+-----+--------+

Top non-repeatable levels by time:
     D:2: 213 daAuts
     D:1: 172 daAuts
     D:3: 90 daAuts
